 Dungeon Crawl Stone Soup version 0.27-a0-906-g0a00ce863d (webtiles) character file.

Game seed: 1348493560696243767

172 DwarfAlpaca the Magician (level 5, -1/37 HPs)
             Began as a Djinni Air Elementalist on Apr 7, 2021.
             Slain by Grinder (5 damage)
             ... on level 3 of the Dungeon.
             The game lasted 00:08:29 (3154 turns).

DwarfAlpaca the Magician (Djinni Air Elementalist)  Turns: 3154, Time: 00:08:30

Health: -1/37      AC:  2    Str:  7    XL:     5   Next: 52%
Gold:   95         EV: 12    Int: 18    God:
                   SH:  0    Dex: 13

rFire    + + +     SeeInvis +   (no weapon)
rCold    x . .     Faith    .   (no shield)
rNeg     . . .     Spirit   .   a - +0 robe
rPois    ∞         Reflect  .   (no helmet)
rElec    .         Harm     .   (no cloak)
rCorr    .         Rampage  .   (no gloves)
Will     .....                  (boots unavailable)
Stlth    ++........             (no amulet)
HPRegen  0.12/turn              e - ring of protection from fire
MPRegen  0.00/turn              k - ring of see invisible

@: flying
A: fire resistance 2, cold vulnerability 1, float, innate caster, hp casting,
extra vitality 1
a: no special abilities


You were on level 3 of the Dungeon.
You visited 1 branch of the dungeon, and saw 3 of its levels.

You collected 95 gold pieces.

Inventory:

Missiles
 d - 2 throwing nets
Armour
 a - a +0 robe (worn)
Jewellery
 e - a ring of protection from fire (left hand)
 k - a ring of see invisible (right hand)
Scrolls
 b - a scroll of teleportation {unknown}
 c - 2 scrolls of identify {unknown}
 f - 3 scrolls of enchant weapon {unknown}
 g - a scroll of immolation {unknown}
 h - 3 scrolls of enchant armour {unknown}
 m - a scroll of fog {unknown}
Potions
 i - a potion of invisibility {unknown}
 j - a potion of curing {unknown}
 l - a potion of ambrosia {unknown}


   Skills:
 + Level 1.3 Fighting
 - Level 2.1 Dodging
 - Level 1.5 Stealth
 + Level 0.1 Unarmed Combat
 + Level 4.9 Spellcasting


You couldn't memorise any spells.
You knew the following spells:

 Your Spells              Type           Power      Damage    Failure   Level
a - Shock                 Conj/Air       88%        1d8       1%          1
b - Swiftness             Air            22%        N/A       2%          2
c - Static Discharge      Conj/Air       22%        N/A       5%          3
d - Airstrike             Air            11%        N/A       17%         4
e - Lightning Bolt        Conj/Air       11%        1d24      43%         5
f - Freeze                Ice            88%        1d10      1%          1
g - Searing Ray           Conj           44%        3d4       2%          2
Your spell library was empty.

Dungeon Overview and Level Annotations

Branches:
Dungeon (3/15)

Altars:
Trog
Wu Jian

Annotations:
D:3 Grinder


Innate Abilities, Weirdness & Mutations

You are immune to poison.
Your flesh is very heat resistant. (rF++)
You are vulnerable to cold. (rC-)
You float through the air rather than walking.
You learn spells naturally, not from books.
Your magical power is your life essence.
You have superior vitality. (+4 HP)


Message History

You kill the ball python!
You are struck by an arc of lightning.
Grinder is struck by an arc of lightning.
Grinder is lightly wounded.
The lightning grounds out.
Grinder is struck by an arc of lightning!
Grinder is heavily wounded.
You are struck by an arc of lightning.
The lightning grounds out.
Grinder barely misses you.
Unknown command.
Unknown command.
Casting: Static Discharge (dangerous; 5% risk of failure)
Confirm with . or Enter, or press ? or * to list all spells.
The spell is potentially lethal to cast (43% risk of failure)!
Continue anyway?
Okay, then.
Press: ? - help, v - describe, . - travel
Here: Grinder (heavily wounded)
The floor.
Casting: Lightning Bolt (potentially lethal; 43% risk of failure)
Confirm with . or Enter, or press ? or * to list all spells.
Aiming: Shock (safe; 1% risk of failure)
Press: ? - help, Shift-Dir - straight line The zap misses Grinder.
The zap hits Grinder.
Grinder is heavily wounded.
Grinder hits you.
* * * LOW HITPOINT WARNING * * *
You writhe in agony.
* * * LOW HITPOINT WARNING * * *
Casting: Shock (safe; 1% risk of failure)
Confirm with . or Enter, or press ? or * to list all spells.
Aiming: Shock (safe; 1% risk of failure)
Press: ? - help, Shift-Dir - straight line The zap hits Grinder but does no damage.
Grinder is heavily wounded.
The zap hits Grinder.
Grinder is heavily wounded.
* * * LOW HITPOINT WARNING * * *
Grinder says, "DUCK!"
Grinder hits you.
You die...

.#########..............
.#....(..##.............
.#..)...................
.#.._♣...##.....>.......
.#.......##....#.######
##...(...#####.#.#
.........# #.#.#
##......(# ..#.# ##
.#....≈..#..####@#...##
.#..≈≈≈≈.#.......5......
.#≈≈≈≈≈≈≈#...###.#...##.
.#≈≈≈≈≈≈≈### .........
.######### .......#. ...
........# ....
.......... ....
..#.#...### ... .##.##


You could see Grinder.

Vanquished Creatures
  Natasha (thrice) (D:2)
  5 adders
  A worm (D:3)
  2 dart slugs
  6 ball pythons
  2 endoplasms
  4 giant cockroaches
  4 goblins
  3 hobgoblins
  4 jackals
  2 quokkas
  2 bats
  A frilled lizard (D:2)
  2 kobolds
  5 rats
46 creatures vanquished.

Notes
Turn   | Place    | Note
-------+----------+-------------------------------------------
     0 | D:1      | DwarfAlpaca the Djinni Air Elementalist began the quest for
                  | the Orb.
     0 | D:1      | Reached XP level 1. HP: 15/15 MP: 0/0
   406 | D:1      | Reached skill level 3 in Spellcasting
   569 | D:1      | Reached XP level 2. HP: 15/21 MP: 0/0
  1250 | D:2      | Reached XP level 3. HP: 24/25 MP: 0/0
  1250 | D:2      | Learned a level 1 spell: Freeze
  1571 | D:2      | Noticed Natasha
  1594 | D:2      | Killed Natasha
  1595 | D:2      | Reached skill level 4 in Spellcasting
  1595 | D:2      | Reached XP level 4. HP: 17/31 MP: 0/0
  1767 | D:2      | Found a faded altar of an unknown god.
  1862 | D:2      | Found a bloodstained altar of Trog.
  2127 | D:2      | Noticed Natasha
  2134 | D:2      | Killed Natasha
  2135 | D:2      | Reached skill level 1 in Fighting
  2439 | D:2      | Noticed Natasha
  2448 | D:2      | Killed Natasha
  2449 | D:2      | Reached XP level 5. HP: 34/37 MP: 0/0
  2449 | D:2      | Learned a level 2 spell: Searing Ray
  3025 | D:3      | Found an ornate altar of the Wu Jian Council.
  3147 | D:3      | Noticed Grinder
  3154 | D:3      | Slain by Grinder

Illustrated notes

Levels and vault maps discovered:
D:1:      grunt_arrival_lava_bath, layout_basic, nrook_uturn,
          minmay_misc_feat_encased
D:2:      layout_loops_ring, ebering_ecumenical_altar_rust, basic_altar,
          grunt_ministairs_5, uniq_natasha
D:3:      layout_basic, nzn_wu_jian_contemplation, serial_corexii_hall,
          chequers_hall_statues_corner_a, corexii_hall_statues_x, uniq_sigmund,
          uniq_grinder

Skill      XL: |  1  2  3  4 |
---------------+-------------+-----
Spellcasting   | 3 4 |  4.9
Fighting       | 1 |  1.3
Dodging        | |  2.1
Stealth        | |  1.5
Unarmed Combat | |  0.1

Action                   |  1- 3 |  4- 6 || total
-------------------------+-------+-------++-------
Melee: Unarmed           |     1 |     1 ||     2
 Cast: Shock             |    45 |    34 ||    79
       Searing Ray       |       |     6 ||     6
       Static Discharge  |       |     2 ||     2
 Stab: Sleeping          |     1 |       ||     1
Armor: Robe              |       |     1 ||     1
Dodge: Dodged            |     7 |     9 ||    16

Table legend: (Time is in decaauts)
 A = Elapsed time spent in this place.
 B = Non-inter-level travel time spent in this place.
 C = Inter-level travel time spent in this place.
 D = Time resting spent in this place.
 E = Time spent auto-exploring this place.
 F = Levels seen in this place.
 G = Mean time per level.
                   A        B        C        D        E       F      G
               +--------+--------+--------+--------+--------+-----+--------+
         Total |   3150 |   3074 |     76 |    227 |   2489 |   3 | 1050.0 |
       Dungeon |   3150 |   3074 |     76 |    227 |   2489 |   3 | 1050.0 |
               +--------+--------+--------+--------+--------+-----+--------+

Top non-repeatable levels by time:
     D:2: 1340 daAuts
     D:1: 1143 daAuts
     D:3: 666 daAuts
